 Dungeon Crawl Stone Soup version 0.21.1-1-g345015f (webtiles) character file.

198 gungr the Magician (level 5, -3/33 HPs)
             Began as an Octopode Transmuter on May 20, 2018.
             Slain by Tramtrist's ghost (15 damage)
             ... on level 4 of the Dungeon.
             The game lasted 00:07:00 (3556 turns).

gungr the Magician (Octopode Transmuter)            Turns: 3556, Time: 00:07:00

Health: -3/33      AC:  2    Str:  9    XL:     5   Next: 77%
Magic:  17/21      EV: 20    Int: 16    God:
Gold:   138        SH:  0    Dex: 18    Spells: 8/14 levels left

rFire    . . .     SeeInvis .     - Unarmed
rCold    . . .     Gourm    .   (shield currently unavailable)
rNeg     . . .     Faith    .   (helmet currently unavailable)
rPois    x         Spirit   .   p - amulet of rage
rElec    .         Reflect  .   l - ring of magical power
rCorr    .         Harm     .   n - ring of fire
MR       +....                  q - ring of protection from magic
Stlth    ++........             s - ring of ice
HPRegen  0.11/turn              (no ring)
MPRegen  0.17/turn              (no ring)
                                (no ring)
                                (no ring)

@: spider-form (expiring), very slightly contaminated
A: tiny, almost no armour, stealthy swim, (amphibious), 8 rings, (constrict 8)
a: End Transformation, Evoke Berserk Rage


You were on level 4 of the Dungeon.
You were not hungry.
You were a venomous arachnid creature.
You visited 1 branch of the dungeon, and saw 4 of its levels.

You collected 138 gold pieces.

Inventory:

Missiles
 a - 91 arrows
Jewellery
 l - a ring of magical power (left front leg)
 n - a ring of fire (right front leg)
 p - an amulet of rage (around neck)
 q - a ring of protection from magic (on tentacle)
 s - a ring of ice (on tentacle)
Scrolls
 d - 3 scrolls of identify {unknown}
 e - a scroll of enchant armour {unknown}
 f - 2 scrolls of teleportation {unknown}
 g - a scroll of amnesia {unknown}
 h - 2 scrolls of remove curse {unknown}
 m - a scroll of random uselessness {unknown}
 t - a scroll of enchant weapon {unknown}
Potions
 i - a potion of curing
 k - a potion of lignification
 o - a potion of magic {unknown}
 r - a potion of haste {unknown}
Books
 b - a book of Changes

   Spells                             Type                      Level
   a - Beastly Appendage              Transmutation                1
   b - Sticks to Snakes               Transmutation                2
   c - Spider Form                    Transmutation/Poison         3
   d - Ice Form                       Ice/Transmutation            4
   e - Blade Hands                    Transmutation                5
 j - a book of Minor Magic

   Spells                             Type                      Level
   a - Magic Dart                     Conjuration                  1
   b - Blink                          Translocation                2
   c - Call Imp                       Summoning                    2
   d - Slow                           Hexes                        2
   e - Conjure Flame                  Conjuration/Fire             3
   f - Mephitic Cloud                 Conjuration/Poison/Air       3
Comestibles
 c - 6 rations


   Skills:
 - Level 1.0 Fighting
 - Level 2.0 Dodging
 - Level 3.0 Unarmed Combat
 + Level 5.3 Spellcasting
 - Level 2.0 Transmutations


You had 8 spell levels left.
You knew the following spells:

 Your Spells              Type           Power        Failure   Level  Hunger
a - Beastly Appendage     Tmut           ##....       17%         1    None
b - Sticks to Snakes      Tmut           ##......     24%         2    #......
c - Spider Form           Tmut/Pois      #.........   50%         3    ###....


Dungeon Overview and Level Annotations

Branches:
Dungeon (4/15)
 Temple: D:4-7

Altars:

Annotations:
D:4 Tramtrist's ghost, amateur FeBe


Innate Abilities, Weirdness & Mutations

You cannot wear most types of armour.
You are very stealthy in the water. (Stealth+)
((You are amphibious.))
You can wear up to eight rings at the same time.
((You can use your tentacles to constrict eight enemies at once.))
((Your skin changes colour to match your surroundings (Stealth+).))
((Your rubbery body absorbs attacks. (AC +1, EV +1)))


Message History

Your transformation is almost over.
Tramtrist's ghost closely misses you.
You bite Tramtrist's ghost!
Tramtrist's ghost is heavily damaged.
Tramtrist's ghost completely misses you.
You hit Tramtrist's ghost but do no damage.
Tramtrist's ghost is moderately damaged.
Tramtrist's ghost barely misses you.
You bite Tramtrist's ghost!
Tramtrist's ghost is severely damaged.
Tramtrist's ghost hits you!
You miss Tramtrist's ghost.
Tramtrist's ghost is severely damaged.
You hit Tramtrist's ghost but do no damage.
Tramtrist's ghost is severely damaged.
Tramtrist's ghost hits you!
You barely miss Tramtrist's ghost.
Tramtrist's ghost is severely damaged.
Tramtrist's ghost hits you!
You die...

#..†...........
#..........##.#
####....##.##.#
#....>.....# ### .##
#...##...### #.. .. #
######...# #.# .#.##
#...# #.# #.#...
#####..W#####.# ....)
###.......s†..#.##..#
...............†.....#h#
####...........#...h.h.#
#####...#########.#.#
#...# # #...# #...#
#..## #.##


You could see Tramtrist's ghost.

Vanquished Creatures
  Jessica (D:3)
  Natasha (D:3)
  5 adders
  2 oozes
  4 worms
  2 dart slugs
  3 leopard geckos
  4 orcs (D:3)
  11 giant cockroaches
  6 goblins
  8 hobgoblins
  5 jackals
  A ball python (D:1)
  6 bats
  2 frilled lizards
  5 kobolds
  7 rats
73 creatures vanquished.

Notes
Turn   | Place    | Note
-------+----------+-------------------------------------------
     0 | D:1      | gungr the Octopode Transmuter began the quest for the Orb.
     0 | D:1      | Reached XP level 1. HP: 13/13 MP: 3/3
   428 | D:1      | Reached XP level 2. HP: 12/18 MP: 3/5
  1121 | D:1      | Reached skill level 3 in Spellcasting
  1136 | D:1      | Learned a level 2 spell: Sticks to Snakes
  1400 | D:2      | Reached XP level 3. HP: 18/23 MP: 7/7
  1405 | D:2      | Learned a level 3 spell: Spider Form
  2181 | D:3      | Reached XP level 4. HP: 8/28 MP: 9/9
  2183 | D:3      | Reached skill level 4 in Spellcasting
  2598 | D:3      | Noticed Natasha
  2890 | D:3      | Noticed Jessica
  2903 | D:3      | Killed Jessica
  2903 | D:3      | Reached XP level 5. HP: 30/33 MP: 12/12
  3197 | D:3      | Reached skill level 5 in Spellcasting
  3462 | D:3      | Killed Natasha
  3541 | D:4      | Noticed Tramtrist's ghost (amateur FeBe)
  3556 | D:4      | Slain by Tramtrist's ghost

Skill      XL: |  1  2  3  4  5 |
---------------+----------------+-----
Spellcasting   | 3 4 5 |  5.3
Fighting       | |  1.0
Dodging        | |  2.0
Unarmed Combat | |  3.0
Transmutations | |  2.0

Action                   |  1- 3 |  4- 6 || total
-------------------------+-------+-------++-------
Melee: Unarmed           |    77 |   101 ||   178
       Constrict         |    21 |    11 ||    32
       Tentacles         |    11 |     5 ||    16
       Punch             |     2 |     1 ||     3
       Kick              |     4 |       ||     4
 Cast: Beastly Appendage |     3 |       ||     3
       Spider Form       |     1 |     8 ||     9
  Use: Potion            |       |     2 ||     2
 Stab: Sleeping          |     9 |     1 ||    10
  Eat: Ration            |     1 |     2 ||     3
Armor: Skin              |    10 |    10 ||    20
Dodge: Dodged            |    40 |    73 ||   113
